 Dungeon Crawl Stone Soup version 0.30-a0-578-gdee14c521f (webtiles) character file.

Game seed: 13432340077091076203

44 themarg the Cruncher (level 3, -2/28 HPs)
             Began as a Gnoll Wanderer on Dec 31, 2022.
             Slain by Sigmund
             ... wielding a +0 scythe
              (8 damage)
             ... on level 2 of the Dungeon.
             The game lasted 00:02:22 (981 turns).

themarg the Cruncher (Gnoll Wanderer)                Turns: 981, Time: 00:02:23

Health: -2/28      AC:  4    Str: 11    XL:     3   Next: 62%
Magic:  4/4        EV: 11    Int:  8    God:
Gold:   102        SH:  0    Dex: 16    Spells: 3/3 levels left

rFire   . . .      SeeInvis .    a - +2 quarterstaff
rCold   . . .      Faith    .    (shield currently unavailable)
rNeg    . . .      Spirit   .    f - +0 leather armour
rPois   .          Reflect  .    (no helmet)
rElec   .          Harm     .    k - +0 cloak
rCorr   .          Rampage  .    (no gloves)
Will    .....                    (no boots)
Stlth   ++                       (no amulet)
HPRegen 0.24/turn                (no ring)
MPRegen 0.09/turn                (no ring)

@: no status effects
A: fangs 1, strong nose, distributed training
a: no special abilities


You were on level 2 of the Dungeon.
You visited 1 branch of the dungeon, and saw 2 of its levels.

You collected 102 gold pieces.

Inventory:

Hand Weapons
 a - a +2 quarterstaff (weapon)
 b - a +0 sling
 d - a +0 dagger
Missiles
 c - 11 poisoned darts (quivered)
 i - 10 stones
Armour
 f - a +0 leather armour (worn)
 k - a +0 cloak (worn)
Scrolls
 j - a scroll of teleportation {unknown}
 m - 3 scrolls of amnesia {unknown}
 n - a scroll of butterflies {unknown}
Potions
 e - 2 potions of attraction
 h - a potion of curing {unknown}
 l - a potion of haste {unknown}


   Skills:
 + Level 2.6 Fighting
 + Level 0.9 Short Blades
 + Level 0.9 Long Blades
 + Level 0.9 Axes
 + Level 0.9 Maces & Flails
 + Level 0.9 Polearms
 + Level 10.4 Staves
 + Level 2.6 Ranged Weapons
 + Level 4.5 Throwing
 + Level 0.9 Armour
 + Level 0.9 Dodging
 + Level 0.9 Stealth
 + Level 0.9 Shields
 + Level 0.9 Unarmed Combat
 + Level 0.9 Spellcasting
 + Level 0.6 Conjurations
 + Level 0.6 Hexes
 + Level 0.6 Summonings
 + Level 0.6 Necromancy
 + Level 0.6 Translocations
 + Level 0.6 Transmutations
 + Level 0.6 Fire Magic
 + Level 0.6 Ice Magic
 + Level 0.6 Air Magic
 + Level 0.6 Earth Magic
 + Level 0.6 Poison Magic
 + Level 1.0 Invocations
 + Level 2.6 Evocations


You had 3 spell levels left.
You didn't know any spells.
Your spell library contained the following spells:

 Spells                   Type           Power      Damage    Failure   Level
 Apportation              Tloc           2%         N/A       38%         1
 Necrotise                Necr           4%         1d4       38%         1
 Summon Small Mammal      Summ           4%         N/A       38%         1


Dungeon Overview and Level Annotations

Branches:
Dungeon (2/15)

Altars:

Annotations:
D:2 Sigmund


Innate Abilities, Weirdness & Mutations

You have very sharp teeth.
Your uncanny sense of smell can sniff out nearby items.
Your experience applies equally to all skills.


Message History

There is an open door, spattered with blood here.
You see here an adder corpse.
You completely miss something.
The ball python hisses angrily.
Something hits you.
You closely miss something. Your bite misses something.
The ball python bites you but does no damage.
The ball python grabs you. The ball python constricts you.
You hit something but do no damage. Something hits you but does no damage.
The ball python bites you. The ball python constricts you.
You closely miss something. You hit something. Your bite misses something.
The ball python bites you but does no damage.
The ball python constricts you. Something hits you.
It was a potion of heal wounds.
You feel much better.
The ball python bites you but does no damage.
The ball python constricts you. Something hits you!
You barely miss something. The ball python closely misses you.
The ball python constricts you.
You sock something! The ball python barely misses you.
The ball python constricts you.
You hear some strange, mumbled words.
Something tries to affect you, but you resist.
You closely miss something. The ball python bites you.
The ball python constricts you.
You miss something. Something hits you. The ball python bites you.
The ball python constricts you.
You escape the ball python's grasp.
The ball python attacks as you move away!
The ball python bites you. The ball python closely misses you.
Something hits you but does no damage.
You thump the ball python!
You kill the ball python!
Something hits you!
* * * LOW HITPOINT WARNING * * *
There is an open door, spattered with blood here.
You see here an adder corpse.
You barely miss something. You bite something. You miss something.
Something hits you!
You die...

#.......#
##.......#### .......
............# .......
#..#........# .......
............# ......
##..........# ....#
##......†#######†...#
###.###)......#....###
#..###......@{(...).
##.# ##.....#######.
.. #.....# ##. #######
∆ ∆ ∆


There were no monsters in sight!

Vanquished Creatures
  An adder (D:2)
  A dart slug (D:1)
  An endoplasm (D:1)
  6 goblins (D:1)
  6 jackals (D:1)
  5 kobolds
  3 ball pythons (D:2)
  3 bats
  A frilled lizard (D:1)
  3 rats
30 creatures vanquished.

Notes
Turn   | Place    | Note
-------+----------+-------------------------------------------
     0 | D:1      | Reached skill level 10 in Staves
     0 | D:1      | themarg the Gnoll Wanderer began the quest for the Orb.
     0 | D:1      | themarg set off with the following items: a +2
                  | quarterstaff, a +0 sling, 13 poisoned darts, a +0 dagger, a
                  | potion of attraction, a +0 leather armour.
     0 | D:1      | Reached XP level 1. HP: 17/17 MP: 1/1
   161 | D:1      | Reached XP level 2. HP: 22/23 MP: 2/2
   549 | D:1      | Reached XP level 3. HP: 28/28 MP: 3/3
   953 | D:2      | Reached skill level 1 in Invocations
   956 | D:2      | Noticed Sigmund
   981 | D:2      | Slain by Sigmund

Illustrated notes

Levels and vault maps discovered:
D:1:      lemuel_arrival_funnel, layout_basic, chequers_avenue,
          minmay_split_cup_large
D:2:      layout_basic, serial_shops, nicolae_shop_behind_doors, uniq_sigmund

Skill      XL: |  1  2  3 |
---------------+----------+-----
Staves         | | 10.4
Invocations    | 1 |  1.0
Fighting       | |  2.6
Short Blades   | |  0.9
Long Blades    | |  0.9
Axes           | |  0.9
Maces & Flails | |  0.9
Polearms       | |  0.9
Ranged Weapons | |  2.6
Throwing       | |  4.5
Armour         | |  0.9
Dodging        | |  0.9
Stealth        | |  0.9
Shields        | |  0.9
Unarmed Combat | |  0.9
Spellcasting   | |  0.9
Conjurations   | |  0.6
Hexes          | |  0.6
Summonings     | |  0.6
Necromancy     | |  0.6
Translocations | |  0.6
Transmutations | |  0.6
Fire Magic     | |  0.6
Ice Magic      | |  0.6
Air Magic      | |  0.6
Earth Magic    | |  0.6
Poison Magic   | |  0.6
Evocations     | |  2.6

Action                   || total
-------------------------++-------
Melee: Quarterstaff      ||    32
       Bite              ||     1
 Fire: Sling             ||    52
Throw: Dart              ||     2
  Use: Potion            ||     1
 Stab: Sleeping          ||     1
Armor: Leather armour    ||    28
Dodge: Dodged            ||    30

Table legend: (Time is in decaauts)
 A = Elapsed time spent in this place.
 B = Non-inter-level travel time spent in this place.
 C = Inter-level travel time spent in this place.
 D = Time resting spent in this place.
 E = Time spent auto-exploring this place.
 F = Levels seen in this place.
 G = Mean time per level.
                   A        B        C        D        E       F      G
               +--------+--------+--------+--------+--------+-----+--------+
         Total |    988 |    983 |      5 |      0 |    817 |   2 |  494.0 |
       Dungeon |    988 |    983 |      5 |      0 |    817 |   2 |  494.0 |
               +--------+--------+--------+--------+--------+-----+--------+

Top non-repeatable levels by time:
     D:1: 917 daAuts
     D:2: 71 daAuts
